 Dungeon Crawl Stone Soup version 0.29-a0-1043-g569b05d6ff (webtiles) character file.

Game seed: 7699260010614270720

46 KleinerIrrer the Magician (level 3, -5/25 HPs)
             Began as a Djinni Conjurer on Aug 16, 2022.
             Killed from afar by Sigmund (7 damage)
             ... with a magic dart
             ... on level 2 of the Dungeon.
             The game lasted 00:03:59 (1631 turns).

KleinerIrrer the Magician (Djinni Conjurer)         Turns: 1631, Time: 00:04:00

Health: -5/25      AC:  2    Str: 12    XL:     3   Next: 92%
Gold:   39         EV: 13    Int: 21    God:
                   SH:  0    Dex: 17

rFire   + + .      SeeInvis .   n - +1 short sword (flame)
rCold   x . .      Faith    .   (no shield)
rNeg    . . .      Spirit   .   a - +0 robe
rPois   ∞          Reflect  .   (no helmet)
rElec   .          Harm     .   (no cloak)
rCorr   .          Rampage  .   (no gloves)
Will    .....                   (boots unavailable)
Stlth   +.........              (no amulet)
HPRegen 0.08/turn               m - +6 ring of strength
MPRegen 0.00/turn               e - +6 ring of dexterity

@: confused, flying, hasted, very quick
A: sickness immunity, fire resistance 2, cold vulnerability 1, float, innate
caster, HP casting, extra vitality 1
a: no special abilities


You were on level 2 of the Dungeon.
You visited 1 branch of the dungeon, and saw 2 of its levels.

You collected 39 gold pieces.

Inventory:

Hand Weapons
 n - a +1 short sword of flaming (weapon)
Armour
 a - a +0 robe (worn)
Jewellery
 b - a ring of resist corrosion
 e - a +6 ring of dexterity (right hand)
 m - a +6 ring of strength (left hand)
Scrolls
 c - a scroll of identify {unknown}
 d - a scroll of immolation {unknown}
 f - a scroll of teleportation {unknown}
 i - a scroll of enchant weapon
 k - a scroll of blinking {unknown}
 l - a scroll of magic mapping {unknown}
Potions
 g - a potion of flight


   Skills:
 - Level 0.1 Fighting
 + Level 2.4 Dodging
 - Level 1.5 Stealth
 + Level 4.1 Spellcasting


You couldn't memorise any spells.
You knew the following spells:

 Your Spells              Type           Power      Damage    Failure   Level
a - Magic Dart            Conj           84%        1d7       2%          1
b - Searing Ray           Conj           42%        2d6       3%          2
c - Dazzling Flash        Conj/Hex       42%        N/A       7%          3
d - Fulminant Prism       Conj/Hex       10%        3d9       22%         4
e - Iskenderun's Mystic   Conj/Tloc      21%        2d6       22%         4
f - Beastly Appendage     Tmut           42%        N/A       2%          1
Your spell library was empty.

Dungeon Overview and Level Annotations

Branches:
Dungeon (2/15)

Altars:

Annotations:
D:2 Robin, Sigmund


Innate Abilities, Weirdness & Mutations

You are immune to sickness and miasma.
You are immune to poison.
Your flesh is very heat resistant. (rF++)
You are vulnerable to cold. (rC-)
You float through the air rather than walking.
You learn spells naturally, not from books.
Your magical power is your life essence.
You have superior vitality. (+4 MHP)


Message History

Okay, then.
As you read the scroll labelled SICRUCKIRUR, it crumbles to dust.
It is a scroll of enchant weapon.
Your +0 short sword of flaming glows red for a moment.
Casting: Magic Dart (safe; 2% risk of failure)
Confirm with . or Enter, or press ? or * to list all spells.
Aiming: Searing Ray (safe; 3% risk of failure)
Press: ? - help, Shift-Dir - straight line, f/p - Sigmund
Aim: Sigmund, wielding a +0 scythe and wearing a +0 robe (moderately wounded, 75% to hit)
The searing ray hits Sigmund.
Sigmund is heavily wounded. (Press . to maintain the ray.)
* * * LOW HITPOINT WARNING * * *
Casting: Searing Ray (safe; 3% risk of failure)
Confirm with . or Enter, or press ? or * to list all spells.
Restarting spell: Searing Ray (safe; 3% risk of failure)
Press: ? - help, Shift-Dir - straight line, f/p - Sigmund
Aim: Sigmund, wielding a +0 scythe and wearing a +0 robe (heavily wounded, 75% to hit)
The searing ray hits Sigmund!
Sigmund is severely wounded. (Press . to maintain the ray.)
* * * LOW HITPOINT WARNING * * *
Sigmund gestures at you while chanting.
You are confused.
Sigmund misses you.
You hit Sigmund. You burn Sigmund.
Sigmund is almost dead.
You bump into the rock wall.
Sigmund gestures at you while chanting.
You are more confused.
You hit Sigmund. You burn Sigmund.
Sigmund is almost dead.
You're too confused to move!
Sigmund casts a spell at you.
You are more confused.
You barely miss Sigmund.
Sigmund is almost dead.
Sigmund points at you and mumbles some strange words.
The magic dart hits you!
You die...

#..... ####)...
#.......
######.###### ######
#..........## #....#
#......<...# #....#
#......>...# #....#
######.#####
#...@####### #..#
####.@.....####.#####
##......$..>.....<
#......##....####
#..########...# ##.#
#†@.# #.# #...... #.#
#...... #.# .......


You could see Sigmund.

Vanquished Creatures
  A gnoll (D:1)
  4 ball pythons
  An endoplasm (D:1)
  2 giant cockroaches
  10 goblins
  2 hobgoblins (D:2)
  4 kobolds (D:1)
  A quokka (D:2)
  3 bats
  5 rats
33 creatures vanquished.

Notes
Turn   | Place    | Note
-------+----------+-------------------------------------------
     0 | D:1      | KleinerIrrer the Djinni Conjurer began the quest for the
                  | Orb.
     0 | D:1      | KleinerIrrer set off with the following spells memorised:
                  | Magic Dart, Searing Ray, Dazzling Flash, Fulminant Prism,
                  | Iskenderun's Mystic Blast.
     0 | D:1      | Reached XP level 1. HP: 15/15 MP: 0/0
   225 | D:1      | Reached XP level 2. HP: 5/21 MP: 0/0
   721 | D:1      | Reached XP level 3. HP: 20/25 MP: 0/0
   721 | D:1      | Learned a level 1 spell: Beastly Appendage
   772 | D:1      | Found a faded altar of an unknown god.
  1301 | D:2      | Reached skill level 4 in Spellcasting
  1496 | D:2      | Noticed Robin
  1591 | D:2      | Noticed Sigmund
  1631 | D:2      | Killed from afar by Sigmund

Illustrated notes

Levels and vault maps discovered:
D:1:      nicolae_arrival_somewhat_less_tricky_arrival, layout_basic,
          shapermc_ecumenical_altar_mp_highgroup
D:2:      layout_rooms, uniq_sigmund, uniq_robin

Skill      XL: |  1  2  3 |
---------------+----------+-----
Spellcasting   | 4 |  4.1
Fighting       | |  0.1
Dodging        | |  2.4
Stealth        | |  1.5

Action                   || total
-------------------------++-------
Melee: Short sword       ||     3
 Cast: Magic Dart        ||    61
       Searing Ray       ||     4
  Use: Potion            ||     3
       Scroll            ||     1
Armor: Robe              ||     1
Dodge: Dodged            ||     4

Table legend: (Time is in decaauts)
 A = Elapsed time spent in this place.
 B = Non-inter-level travel time spent in this place.
 C = Inter-level travel time spent in this place.
 D = Time resting spent in this place.
 E = Time spent auto-exploring this place.
 F = Levels seen in this place.
 G = Mean time per level.
                   A        B        C        D        E       F      G
               +--------+--------+--------+--------+--------+-----+--------+
         Total |   1617 |   1569 |     48 |      0 |   1411 |   2 |  808.5 |
       Dungeon |   1617 |   1569 |     48 |      0 |   1411 |   2 |  808.5 |
               +--------+--------+--------+--------+--------+-----+--------+

Top non-repeatable levels by time:
     D:1: 1263 daAuts
     D:2: 353 daAuts
